 Dungeon Crawl Stone Soup version 0.26.1-11-gd32895ea62 (webtiles) character file.

Game seed: 13890069827513849358

126 H0rd4k the Insei (level 5, -1/33 HPs)
             Began as an Octopode Transmuter on Apr 30, 2021.
             Slain by Purgy (4 damage)
             ... in a sewer.
             The game lasted 00:03:39 (2750 turns).

H0rd4k the Insei (Octopode Transmuter)              Turns: 2750, Time: 00:03:40

Health: -1/33      AC:  1    Str:  9    XL:     5   Next: 9%
Magic:  7/8        EV: 14    Int: 17    God:
Gold:   43         SH:  0    Dex: 12    Spells: 7/8 levels left

rFire    . . .     SeeInvis .     - Unarmed
rCold    . . .     Faith    .   (no shield)
rNeg     . . .     Spirit   .   (helmet currently unavailable)
rPois    .         Reflect  .   (no amulet)
rElec    .         Harm     .   f - ring of attention (curse)
rCorr    .         Rampage  .   (no ring)
Will     .....                  (no ring)
Stlth    +++.......             (no ring)
HPRegen  0.11/turn              (no ring)
MPRegen  0.11/turn              (no ring)
                                (no ring)
                                (no ring)

@: appendages
A: almost no armour, stealthy swim, amphibious, 8 rings, constrict 8, tentacle
spike 3, camouflage 1, gelatinous body 1
a: End Transformation


You were in a sewer.
One of your tentacles had a temporary spike.
You visited 1 branch of the dungeon, and saw 3 of its levels.
You also visited: Sewer.

You collected 43 gold pieces.

Inventory:

Jewellery
 f - a cursed ring of attention (left tentacle)
Scrolls
 e - a scroll of blinking {unknown}
Potions
 a - a potion of might {unknown}
 b - 2 potions of haste {unknown}
 c - a potion of brilliance {unknown}
 g - a potion of heal wounds {unknown}


   Skills:
 + Level 1.0 Fighting
 + Level 3.1 Dodging
 + Level 2.1 Stealth
 + Level 4.3 Unarmed Combat
 + Level 2.2 Spellcasting
 + Level 2.3 Transmutations


You had 7 spell levels left.
You knew the following spells:

 Your Spells              Type           Power        Failure   Level
a - Beastly Appendage     Tmut           18%          8%          1

Your spell library contained the following spells:

 Spells                   Type           Power        Failure   Level
 Wereblood                Tmut           9%           11%         2
 Spider Form              Tmut/Pois      2%           34%         3
 Ice Form                 Ice/Tmut       5%           75%         4
 Blade Hands              Tmut           4%           90%         5


Dungeon Overview and Level Annotations

Branches:
Dungeon (3/15)              Sewer (1/1)

Altars:
Nemelex Xobeh
Qazlal
The Shining One

Annotations:
Sewer Purgy


Innate Abilities, Weirdness & Mutations

You cannot wear most types of armour.
You are very stealthy in the water. (Stealth+)
You are amphibious.
You can wear up to eight rings at the same time.
You can use your tentacles to constrict eight enemies at once.
Your skin changes colour to match your surroundings (Stealth+).
Your rubbery body absorbs attacks. (AC +1, EV +1)
One of your tentacles bears a large vicious spike.


Message History

Purgy is lightly wounded.
Purgy bites you. Purgy claws you. x2
You tentacle-slap Purgy.
Your tentacle spike misses Purgy.
Purgy is moderately wounded.
Purgy misses you. Purgy claws you. x2
You closely miss Purgy.
Your tentacle spike misses Purgy.
You squeeze Purgy!
Purgy is heavily wounded.
Purgy bites you. Purgy misses you. x2
You tentacle-slap Purgy.
Purgy is heavily wounded.
Purgy completely misses you. Purgy claws you. Purgy barely misses you.
You tentacle-slap Purgy.
You pierce Purgy.
Purgy is severely wounded.
Purgy bites you. Purgy claws you. x2
You barely miss Purgy.
You pierce Purgy.
Purgy is almost dead.
Purgy bites you!
* * * LOW HITPOINT WARNING * * *
Purgy claws you.
You die...

#.# #.# #.# #.#
####### #.#
##.....## #.#
##..T≈...##
#.#######...≈@≈...##
#..........≈≈≈≈≈÷∩.#
#.#######...≈≈≈÷..##
#.# ##...≈...## #.#
##.÷...## #.#
####### #.....#
#.......# #.......#


You could see Purgy.

Vanquished Creatures
  Robin (D:2)
  3 adders
  2 oozes
  A worm (D:2)
  3 dart slugs (D:2)
  4 giant cockroaches
  17 goblins
  4 hobgoblins (D:2)
  7 jackals (D:2)
  6 kobolds
  A quokka (D:2)
  10 bats
  4 frilled lizards
  2 rats
65 creatures vanquished.

Notes
Turn   | Place    | Note
-------+----------+-------------------------------------------
     0 | D:1      | H0rd4k the Octopode Transmuter began the quest for the Orb.
     0 | D:1      | Reached XP level 1. HP: 13/13 MP: 3/3
   449 | D:1      | Reached XP level 2. HP: 18/18 MP: 5/5
   923 | D:2      | Reached skill level 1 in Stealth
   923 | D:2      | Reached XP level 3. HP: 16/23 MP: 4/6
   932 | D:2      | Noticed Robin
  1073 | D:2      | Killed Robin
  1147 | D:2      | Found a sparkling altar of Nemelex Xobeh.
  1208 | D:2      | Found a glowing golden altar of the Shining One.
  1414 | D:2      | Reached XP level 4. HP: 22/28 MP: 5/7
  1650 | D:2      | Reached skill level 4 in Unarmed Combat
  1790 | D:2      | Found a stormy altar of Qazlal.
  2392 | D:3      | Found a glowing drain.
  2408 | D:3      | Reached XP level 5. HP: 33/33 MP: 6/8
  2422 | Sewer    | Entered a sewer
  2491 | Sewer    | Noticed Purgy
  2750 | Sewer    | Slain by Purgy

Illustrated notes

Levels and vault maps discovered:
D:1:      dpeg_arrival_stone_temple_mockup, layout_basic, chequers_garden
D:2:      layout_loops_ring, nicolae_overflow_hidden_temple,
          nicolae_qazlal_general_emergency, overflow_temple_1_default,
          uniq_robin
D:3:      layout_basic, fedhas_altar_3, gup_sewer_entry_glass, serial_rivers,
          chequers_serial_rivers_micro_c, chequers_serial_rivers_micro_e,
          chequers_serial_rivers_room_a, chequers_serial_rivers_small_b,
          chequers_serial_rivers_room_a, chequers_serial_rivers_marsh,
          uniq_jessica
Sewer:    sewer_big_baddie

Skill      XL: |  1  2  3  4 |
---------------+-------------+-----
Stealth        | 1 2 |  2.1
Unarmed Combat | 4 |  4.3
Dodging        | 3 |  3.1
Fighting       | |  1.0
Spellcasting   | |  2.2
Transmutations | |  2.3

Action                   |  1- 3 |  4- 6 || total
-------------------------+-------+-------++-------
Melee: Unarmed           |    73 |    91 ||   164
       Constrict         |    23 |    18 ||    41
       Tentacles         |    12 |    16 ||    28
       Kick              |     7 |     8 ||    15
       Punch             |     1 |     2 ||     3
 Cast: Beastly Appendage |     4 |     4 ||     8
  Use: Potion            |     1 |       ||     1
       Scroll            |       |     2 ||     2
 Stab: Sleeping          |     4 |     6 ||    10
       Distracted        |       |     1 ||     1
Armor: Skin              |     2 |    11 ||    13
Dodge: Dodged            |    34 |    80 ||   114
